[Event "Early-Titled-Tuesday-Blitz-February-27-2024"]
[Site "Chess.com"]
[Date "2024.02.27"]
[Round "8"]
[White "HelvertHernandez"]
[Black "Ati1517"]
[Result "0-1"]
[WhiteElo "1996"]
[BlackElo "2225"]
[TimeControl "180+1"]
[EndTime "9:26:51 PST"]
[Termination "Ati1517 won on time"]

1. e4 c5 2. Nf3 d6 3. d4 cxd4 4. Nxd4 Nf6 5. Nc3 a6 6. Be3 e5 7.
Nb3 Be7 8. f3 O-O 9. Qd2 Be6 10.
O-O-O b5 11. Kb1 Nbd7 12. g4 b4 13. Nd5 Bxd5 14. exd5 a5 15. g5 Ne8 16. h4 Nb6 17. h5 a4 18. Nc1 b3 19. cxb3 axb3 20. Nxb3 Qc7 21. g6 Nc4 22. Bxc4 Qxc4 23. Rdg1 Qa4 24. Nc1 Nc7 25. Bh6 Bf6 26. Bxg7 Bxg7 27. gxh7+ Kh8 28. Rxg7 Kxg7 29. Qg5+ Kxh7 30. Qf5+ Kh6 31. Qf6+ Kh7 32. Rg1 Ne8 33. Qf5+ Kh8 34. Qg5 Qf4 35. Qe7 Nf6 36.
h6 Rg8 37. Rh1 Nxd5 0-1

[Event "Early-Titled-Tuesday-Blitz-February-27-2024"]
[Site "Chess.com"]
[Date "2024.02.27"]
[Round "8"]
[White "Arlo2024"]
[Black "Tashik"]
[Result "0-1"]
[WhiteElo "2312"]
[BlackElo "2502"]
[TimeControl "180+1"]
[EndTime "9:26:52 PST"]
[Termination "Tashik won by checkmate"]

1. e4 e5 2. Nf3 Nc6 3. Bc4 Bc5 4. O-O Nf6 5. d4 Bxd4 6. Nxd4 Nxd4 7. Bg5 Qe7 8. f4 Qc5 9. fxe5 Nf3+ 10. Kh1 Nxg5 11. exf6 Qxc4 12. fxg7 Rg8 13. Nc3 c6 14. Qh5 Rxg7 15.
Rf5 Ne6 16. Raf1 Nd4 17. Rf6 d6 18. Nd5 Be6 19. Nc7+ Kd7 20. Nxa8 Qxc2 21. h3 Qxg2# 0-1

[Event "Early-Titled-Tuesday-Blitz-February-27-2024"]
[Site "Chess.com"]
[Date "2024.02.27"]
[Round "8"]
[White "Bilan_Danila"]
[Black "Yan_Dyomin2010"]
[Result "1-0"]
[WhiteElo "2558"]
[BlackElo "2726"]
[TimeControl "180+1"]
[EndTime "9:26:53 PST"]
[Termination "Bilan_Danila won by resignation"]

1. d4 Nf6 2. Nf3 g6 3. Bg5 Bg7 4. c3 O-O 5. Nbd2 d5 6. e3 b6 7.
Bd3 Bb7 8. O-O c5 9. Ne5 Nbd7 10. f4 Ne4 11. Nxe4 dxe4 12. Bc4 Rc8 13. Qg4 Nf6 14. Qh4 cxd4 15. cxd4 Bd5 16. b3 h6 17. Bxh6 Bxc4 18. bxc4 Bxh6 19. Qxh6 Nd7 20. f5 Nxe5 21. dxe5 Rc6 22.
Rad1 gxf5 23. Qxc6 1-0

[Event "Early-Titled-Tuesday-Blitz-February-27-2024"]
[Site "Chess.com"]
[Date "2024.02.27"]
[Round "8"]
[White "anasta10"]
[Black "Quattroporte300"]
[Result "0-1"]
[WhiteElo "2511"]
[BlackElo "2418"]
[TimeControl "180+1"]
[EndTime "9:26:53 PST"]
[Termination "Quattroporte300 won by resignation"]

1. Nf3 c5 2. c4 Nc6 3. Nc3 Nf6 4. g3 g6 5. Bg2 Bg7 6. O-O O-O 7. e3 d6 8. d4 cxd4 9. exd4 Bg4 10. h3 Bxf3 11.
Bxf3 Rc8 12. b3 Nd7 13. Be3 e5 14. d5 Nd4 15. Bg2 f5 16. Qd2 a6 17. Rac1 Qa5 18.
f4 b5 19. fxe5 dxe5 20. d6 bxc4 21. bxc4 Kh8 22. Bh6 Rxc4 23. Bxg7+ Kxg7 24. Qe3 Rfc8 25. Qg5 Qd8 26. Qe7+ Qxe7 27. dxe7 Rxc3 28. Rxc3 Ne2+ 29. Kf2 Nxc3 30. Rc1 Kf7 31. Ke1 Kxe7 32. Kd2 Ne4+ 0-1

[Event "Early-Titled-Tuesday-Blitz-February-27-2024"]
[Site "Chess.com"]
[Date "2024.02.27"]
[Round "8"]
[White "shirovin"]
[Black "Tugrik1969"]
[Result "0-1"]
[WhiteElo "2075"]
[BlackElo "2373"]
[TimeControl "180+1"]
[EndTime "9:26:57 PST"]
[Termination "Tugrik1969 won by resignation"]

1. e4 c5 2. Nf3 d6 3. d4 cxd4 4.
Nxd4 Nf6 5. Nc3 g6 6. Be3 Bg7 7. f3 O-O 8. Qd2 Nc6 9. Bc4 Bd7 10. O-O-O Ne5 11. Bb3 Rc8 12. h4 h5 13. Bg5 Rc5 14. Kb1 Qa5 15. g4 hxg4 16. h5 Nxh5 17. Rxh5 gxh5 18.
Bh6 Ng6 19. Bxg7 Kxg7 20. f4 e6 21. f5 exf5 22. exf5 Bxf5 23. Nxf5+ Rxf5 24. Qxd6 Qe5 25. Qd7 g3 26. Nd5 g2 27. Ne3 Qxe3 28. Qxf5 g1=Q 29. Qf1 Qxf1 30. Rxf1 h4 0-1

[Event "Early-Titled-Tuesday-Blitz-February-27-2024"]
[Site "Chess.com"]
[Date "2024.02.27"]
[Round "8"]
[White "kidagent"]
[Black "Truequitos"]
[Result "1/2-1/2"]
[WhiteElo "2358"]
[BlackElo "2589"]
[TimeControl "180+1"]
[EndTime "9:27:03 PST"]
[Termination "Game drawn by repetition"]

1. c4 c6 2. g3 d5 3. Bg2 Nf6 4. Nf3 g6 5. b3 Bg7 6. Bb2 O-O 7. O-O a6 8. d3 b5 9. cxd5 cxd5 10. Nbd2 Bb7 11. Rc1 Nbd7 12. Rc2 Rc8 13. Rxc8 Qxc8 14. Qa1 Qb8 15. Rc1 Rc8 16. Rxc8+ Qxc8 17. Qc1 Qxc1+ 18. Bxc1 Ne8 19. Ne1 e6 20. Nc2 Nc5 21. Ba3 Nd7 22. e4 Bc3 23. Nf1 Nef6 24. f3 Ne5 25. d4 Nc6 26. Bc5 Nd7 27. exd5 exd5 28. f4 Nxc5 29. dxc5 Nb4 30. Nfe3 Nxc2 31. Nxc2 Kf8 32. Kf1 Ke7 33. Ke2 a5 34. Kd3 Bb2 35. Ne3 Ke6 36. Bh3+ f5 37. g4 fxg4 38. Bxg4+ Ke7 39. Bf3 Ke6 40. Bg4+ Kf6 41. Bf3 Ke6 42. Bg4+ 1/2-1/2

[Event "Early-Titled-Tuesday-Blitz-February-27-2024"]
[Site "Chess.com"]
[Date "2024.02.27"]
[Round "8"]
[White "124chess"]
[Black "JaloliddinIlkhomi"]
[Result "1-0"]
[WhiteElo "2563"]
[BlackElo "2757"]
[TimeControl "180+1"]
[EndTime "9:27:04 PST"]
[Termination "124chess won on time"]

1. d4 Nf6 2. Bf4 e6 3. e3 b6 4. Qf3 d5 5. Nc3 Bb7 6. O-O-O Bd6 7. g4 Ne4 8. Nge2 a6 9. h4 Nd7 10. Nxe4 dxe4 11. Qg3 Bxf4 12. Qxf4 Nf6 13. Bg2 Qd6 14. g5 Nd7 15. Qg4 h5 16. gxh6 gxh6 17. Nc3 Nf6 18. Qh3 O-O-O 19. Rhg1 b5 20. a3 Rhg8 21. Bh1 Bd5 22.
h5 Rg5 23. Rxg5 hxg5 24. Rg1 Rg8 25. h6 Kb7 26. f3 exf3 27. Bxf3 g4 28. Bxg4 Qf8 29. h7 Rh8 30. Nxd5 Rxh7 31. Qf3 Nxd5 32.
Bxe6 Qh6 33. Bxd5+ 1-0

[Event "Early-Titled-Tuesday-Blitz-February-27-2024"]
[Site "Chess.com"]
[Date "2024.02.27"]
[Round "8"]
[White "dpopadic"]
[Black "rcmz"]
[Result "1-0"]
[WhiteElo "2351"]
[BlackElo "2194"]
[TimeControl "180+1"]
[EndTime "9:27:04 PST"]
[Termination "dpopadic won by resignation"]

1. e4 e6 2. Nf3 a6 3. a4 b6 4. Nc3 Bb7 5. Bc4 c5 6. d3 Nc6 7. O-O Qc7 8. Re1 Nd4 9. Nxd4 cxd4 10. Ne2 e5 11. f4 d6 12. Kh1 Nf6 13. Ng1 Be7 14.
Qf3 Bc8 15. fxe5 dxe5 16. Qg3 g6 17. Nf3 Bd6 18. Bg5 Nh5 19. Qh4 O-O 20. Bh6 Re8 21. Ng5 Be6 22. Nxe6 fxe6 23. Rf1 Qe7 24. Qg4 Nf4 25.
g3 Nh5 26. Rf2 Ng7 27. Raf1 b5 28. axb5 axb5 29. Bxb5 Rf8 30. Rxf8+ Rxf8 31. Rxf8+ Kxf8 32. Bc4 Qf6 33. Kg2 Kf7 34. Bg5 h5 35. Qh4 Nf5 36. Bxf6 Nxh4+ 37. Bxh4 Bb4 38. Bg5 Ba5 39. Kf3 Bb4 40.
Ke2 Ba5 41. Bd2 Bb6 42. Bb4 Kf6 43. Bd6 g5 44. h3 h4 45. gxh4 gxh4 46. Kf3 Kg5 47.
Bxe5 1-0

[Event "Early-Titled-Tuesday-Blitz-February-27-2024"]
[Site "Chess.com"]
[Date "2024.02.27"]
[Round "8"]
[White "ClauSanLuis"]
[Black "BallottiLuca"]
[Result "1-0"]
[WhiteElo "2313"]
[BlackElo "2386"]
[TimeControl "180+1"]
[EndTime "9:27:04 PST"]
[Termination "ClauSanLuis won by checkmate"]

1. d4 Nf6 2. Bg5 c5 3. Bxf6 gxf6 4. d5 Qb6 5. Qc1 f5 6. c4 Bg7 7. Nc3 d6 8. e3 e5 9. Nge2 Nd7 10. Ng3 Nf6 11.
Bd3 e4 12. Be2 h5 13. h4 Ng4 14. Bxg4 hxg4 15. Nge2 Be5 16. g3 Bd7 17. Qc2 O-O-O 18.
a3 Qa5 19. Rb1 Qc7 20. b4 cxb4 21. Rxb4 Kb8 22. Qb3 Bc8 23. Nb5 Qc5 24. Qa4 a6 25.
Nbd4 Bd7 26. Qb3 Bc8 27. Nc6+ Kc7 28. Nxd8 Kxd8 29. Nf4 Qa5 30. O-O Qc7 31. Rc1 Qe7 32. Kg2 Qc7 33. Rb6 Bf6 34. c5 dxc5 35. Rxf6 Qe7 36.
Qc3 Rh7 37. d6 Qd7 38. Qxc5 b5 39. Qc7+ Qxc7 40. Rxc7 Bd7 41. Nd5 Rh8 42. Rxf7 Be6 43. Nb6 Bxf7 44. Rxf7 Re8 45. Rd7# 1-0

[Event "Early-Titled-Tuesday-Blitz-February-27-2024"]
[Site "Chess.com"]
[Date "2024.02.27"]
[Round "8"]
[White "talaicito"]
[Black "NovakRatko"]
[Result "0-1"]
[WhiteElo "2287"]
[BlackElo "2481"]
[TimeControl "180+1"]
[EndTime "9:27:05 PST"]
[Termination "NovakRatko won on time"]

1. d4 d5 2. Nc3 c5 3. Nf3 cxd4 4.
Nxd4 e5 5. Nb3 d4 6. Ne4 f5 7.
Ng3 Nc6 8. e3 Bb4+ 9. Bd2 dxe3 10. fxe3 Qb6 11. c3 Be7 12. Bd3 g6 13. Qe2 Be6 14. Bc4 Bxc4 15. Qxc4 O-O-O 16. a4 Nf6 17. a5 Qc7 18. Nc5 Bxc5 19. Qxc5 Rd5 20. Qc4 Rhd8 21.
Nf1 Nxa5 22. Qa2 Nc4 0-1

[Event "Early-Titled-Tuesday-Blitz-February-27-2024"]
[Site "Chess.com"]
[Date "2024.02.27"]
[Round "8"]
[White "whiteglovethief"]
[Black "Heinza9"]
[Result "1-0"]
[WhiteElo "2509"]
[BlackElo "2338"]
[TimeControl "180+1"]
[EndTime "9:27:06 PST"]
[Termination "whiteglovethief won on time"]

1. d4 f5 2. Nf3 Nf6 3. Nc3 d5 4. e3 e6 5. Bd3 c5 6. O-O Nc6 7. b3 Bd6 8. Nb5 Be7 9. c4 O-O 10. dxc5 Bxc5 11. Bb2 a6 12. Bxf6 Rxf6 13. Nc3 d4 14. Na4 Ba7 15. exd4 Nxd4 16. c5 Nxf3+ 17. Qxf3 Bd7 18. Qxb7 Bxa4 19. bxa4 Bxc5 20. Bc4 Ra7 21.
Qc6 Rc7 22. Qxa6 Kh8 23. Rfd1 Qe7 24. Rd2 e5 25. Qa8+ Rf8 26. Qd5 Bd4 27. Rb1 Rd8 28. Qe6 Qxe6 29. Bxe6 g6 30. Kf1 Rd6 31. Bb3 Rb6 32.
Rbd1 Kg7 33. f4 Kf6 34. Rxd4 exd4 35. Rxd4 g5 36. fxg5+ Kxg5 37. Rd5 Rb4 38. a5 1-0

[Event "Early-Titled-Tuesday-Blitz-February-27-2024"]
[Site "Chess.com"]
[Date "2024.02.27"]
[Round "8"]
[White "Zampronha1971"]
[Black "newauto"]
[Result "1-0"]
[WhiteElo "2354"]
[BlackElo "2214"]
[TimeControl "180+1"]
[EndTime "9:27:06 PST"]
[Termination "Zampronha1971 won on time"]

1. e4 c6 2. d4 d5 3. e5 Bf5 4.
Nc3 e6 5. g4 Bg6 6. Nge2 h6 7.
Nf4 Bh7 8. Be3 Nd7 9. Qd2 c5 10.
Bb5 cxd4 11. Bxd4 Ne7 12. O-O-O Nc6 13. Nh5 Nxd4 14. Qxd4 a6 15. Bxd7+ Qxd7 16. f4 b5 17. Kb1 Qc7 18. f5 b4 19. Nxd5 exd5 20. Qxd5 Rc8 21. Qe4 Qc4 22. Rd4 Qc6 23. Rd5 Qc4 24. Qg2 a5 25. Rhd1 a4 26. Qd2 Qc7 27. Ka1 b3 28. cxb3 axb3 29. a3 1-0

[Event "Early-Titled-Tuesday-Blitz-February-27-2024"]
[Site "Chess.com"]
[Date "2024.02.27"]
[Round "8"]
[White "wannabe2700"]
[Black "Shield12"]
[Result "0-1"]
[WhiteElo "2754"]
[BlackElo "2986"]
[TimeControl "180+1"]
[EndTime "9:27:07 PST"]
[Termination "Shield12 won by resignation"]

1. b3 e5 2. Bb2 Nc6 3. e3 Nf6 4. Nf3 e4 5. Nd4 Bc5 6. Nxc6 dxc6 7. d4 Bd6 8. Nd2 Qe7 9. Be2 h5 10. c4 c5 11. Qc2 Bf5 12. h3 cxd4 13. Bxd4 c5 14. Bc3 h4 15. O-O-O O-O-O 16. Qb2 Rh6 17. Rhe1 g5 18. Nb1 Nd7 19. Na3 a6 20. Rd2 Ne5 21.
Red1 Nd3+ 22. Bxd3 exd3 23. Re1 Re6 24. Nb1 Be4 25. f3 Bg6 26. e4 Bf4 27. Rd1 f5 28.
e5 Be3 29. b4 cxb4 30. Bxb4 Qc7 31. c5 Rxe5 32. Nc3 f4 33. Kb1 Bxd2 34. Rxd2 Re1+ 35. Nd1 Re2 36. a3 Rxd2 37. Qxd2 Re8 38. Kb2 Re2 0-1

[Event "Early-Titled-Tuesday-Blitz-February-27-2024"]
[Site "Chess.com"]
[Date "2024.02.27"]
[Round "8"]
[White "Evgeny81"]
[Black "tetrix83"]
[Result "1-0"]
[WhiteElo "2773"]
[BlackElo "2559"]
[TimeControl "180+1"]
[EndTime "9:27:07 PST"]
[Termination "Evgeny81 won on time"]

1. Nf3 d5 2. d4 Nf6 3. c4 e6 4. e3 Be7 5. Nc3 O-O 6. b3 b6 7. Bb2 Bb7 8. cxd5 exd5 9. Bd3 Ne4 10. O-O Nd7 11. Qc2 Ndf6 12. Ne5 c5 13. f3 cxd4 14.
exd4 Nxc3 15. Bxc3 Rc8 16. Qd2 g6 17. Rfe1 Nd7 18.
Bb4 Nxe5 19. dxe5 Bc5+ 20. Kh1 Qe7 21. Bxc5 bxc5 22. Qh6 c4 23. bxc4 dxc4 24. Bc2 Qe6 25. Rad1 Rfd8 26. Qg5 Rd5 27. Rxd5 Bxd5 28. h4 c3 29. h5 Bxa2 30. h6 Bd5 31. Rd1 Re8 32. f4 Qh3+ 33. Kg1 Qe3+ 34. Kh2 Qe2 35. Rxd5 1-0

[Event "Early-Titled-Tuesday-Blitz-February-27-2024"]
[Site "Chess.com"]
[Date "2024.02.27"]
[Round "8"]
[White "noblerone"]
[Black "rhwr"]
[Result "1-0"]
[WhiteElo "2497"]
[BlackElo "2292"]
[TimeControl "180+1"]
[EndTime "9:27:07 PST"]
[Termination "noblerone won by resignation"]

1. d4 Nf6 2. c4 g6 3. Nc3 d5 4.
Nf3 Bg7 5. Bg5 Ne4 6. Bf4 Nxc3 7. bxc3 O-O 8. e3 c5 9. cxd5 cxd4 10. cxd4 Qxd5 11. Be2 Nc6 12. O-O Rd8 13. Qa4 e5 14. dxe5 Bg4 15. Rad1 Qe6 16. Ng5 Qc8 17. Rxd8+ Nxd8 18. Qe8+ Bf8 19. Bxg4 Qxg4 20. Nxh7 Kxh7 21. Qxf8 Qh5 22.
h3 Rb8 23. Rc1 g5 24. Bg3 Nc6 25. Qd6 Rd8 26. Qc7 Rd1+ 27. Rxd1 Qxd1+ 28. Kh2 Qd5 29. Qxb7 Kg6 30. Qc7 a5 31. a3 a4 32. Qd6+ Qxd6 33. exd6 Kf6 34. f4 gxf4 35. Bxf4 Ke6 36. h4 f5 37. h5 Nd8 38. h6 Nf7 39. Kh3 Kf6 40.
g4 Kg6 41. gxf5+ Kxf5 42. Kg3 Kg6 43. Kg4 1-0

[Event "Early-Titled-Tuesday-Blitz-February-27-2024"]
[Site "Chess.com"]
[Date "2024.02.27"]
[Round "8"]
[White "GelmanAlexander"]
[Black "phantom19801127"]
[Result "0-1"]
[WhiteElo "2711"]
[BlackElo "2547"]
[TimeControl "180+1"]
[EndTime "9:27:09 PST"]
[Termination "phantom19801127 won on time"]

1. d4 Nf6 2. Nc3 d5 3. Bf4 a6 4. e3 c5 5. Nf3 Nc6 6. Ne5 cxd4 7. exd4 h6 8. Qd3 Nb4 9. Qd2 Bf5 10. Rc1 Rc8 11. f3 e6 12. g4 Bh7 13. h4 Nc6 14.
Ne2 Nd7 15. Nd3 Be7 16. Bg3 b5 17. c3 O-O 18. Nef4 a5 19. Nh5 b4 20. Ndf4 bxc3 21.
bxc3 e5 22. Nxd5 exd4 23. cxd4 Ba3 24. Rd1 Nb4 25. Ne3 Nc2+ 26. Kf2 Bb4 27. Qe2 Re8 28. Bf4 Nxe3 29. Bxe3 Rc2 30. d5 Qe7 31. Rd3 Bxd3 0-1

[Event "Early-Titled-Tuesday-Blitz-February-27-2024"]
[Site "Chess.com"]
[Date "2024.02.27"]
[Round "8"]
[White "annamaja"]
[Black "Better_Chess_Faster"]
[Result "1-0"]
[WhiteElo "2420"]
[BlackElo "2160"]
[TimeControl "180+1"]
[EndTime "9:27:09 PST"]
[Termination "annamaja won by checkmate"]

1. e4 Nf6 2. e5 Nd5 3. d4 d6 4. c4 Nb6 5. exd6 cxd6 6. Bd3 g6 7. Nf3 Bg7 8. Be3 O-O 9. Nbd2 Nc6 10. Rc1 e5 11. d5 Nd4 12. Bxd4 exd4 13. O-O Nd7 14.
Nb3 Ne5 15. Nfxd4 Bg4 16. Be2 Bxe2 17. Qxe2 Re8 18. Rfe1 Rc8 19. f4 Nd7 20. Qd3 a6 21. Kf2 Qh4+ 22. Qg3 Qf6 23. Kg1 h5 24. Rxe8+ Rxe8 25. Qf2 Qd8 26. Re1 Rxe1+ 27. Qxe1 Qb6 28. Qe8+ Nf8 29.
Qe3 Nd7 30. h3 h4 31. Kf1 a5 32.
Qe8+ Nf8 33. Nf3 a4 34. Qxa4 Bxb2 35. Qe8 Qb4 36. Nbd2 Bc3 37. Ke2 Kg7 38. Ng5 Bxd2 39. Qxf7+ Kh6 40. Qxf8+ Kh5 41. Qh8# 1-0

[Event "Early-Titled-Tuesday-Blitz-February-27-2024"]
[Site "Chess.com"]
[Date "2024.02.27"]
[Round "8"]
[White "PavelShkapenko"]
[Black "SlavenPastar"]
[Result "0-1"]
[WhiteElo "2744"]
[BlackElo "2635"]
[TimeControl "180+1"]
[EndTime "9:27:14 PST"]
[Termination "SlavenPastar won by resignation"]

1. e4 b6 2. d4 Bb7 3. Bd3 Nf6 4. Qe2 e6 5. Nf3 d5 6. e5 Ne4 7. Nbd2 Nxd2 8. Bxd2 c5 9. c3 a5 10. O-O Be7 11. Rfe1 Ba6 12. c4 cxd4 13. cxd5 Qxd5 14.
Be4 Bxe2 15. Bxd5 Bxf3 16. Bxf3 Ra7 17. Re4 Nc6 18. Rc1 Bc5 19. Be2 Ke7 20. Bb5 Rc8 21. Bxc6 Rxc6 22. Rxd4 Bxd4 23. Rxc6 Bc5 24. Rc8 Rd7 25.
Rxc5 bxc5 26. Be1 Rd1 27. Kf1 a4 28. b3 axb3 29. axb3 Rb1 30. b4 cxb4 31. Ke2 b3 32. Bb4+ Kd7 33. Kd2 Rb2+ 34. Kc3 Rxf2 35. Kxb3 Rxg2 36.
Bf8 Ke8 0-1

[Event "Early-Titled-Tuesday-Blitz-February-27-2024"]
[Site "Chess.com"]
[Date "2024.02.27"]
[Round "8"]
[White "Abund"]
[Black "Jumbo"]
[Result "0-1"]
[WhiteElo "2771"]
[BlackElo "2897"]
[TimeControl "180+1"]
[EndTime "9:27:15 PST"]
[Termination "Jumbo won by resignation"]

1. e4 e6 2. d4 d5 3. Nd2 c5 4. Ngf3 cxd4 5. Nxd4 Nc6 6. Bb5 Bd7 7. Nxc6 bxc6 8. Bd3 Bd6 9. Qe2 Qc7 10. Nf3 e5 11. c4 Nf6 12. c5 Bxc5 13. exd5 O-O 14. dxc6 Bxc6 15. Bb1 e4 16. Ng5 Bb4+ 17. Bd2 Bb5 18. Bxb4 Bxe2 19. Bxf8 Ba6 20. Bxe4 Rxf8 21. h4 Rd8 22.
Rh3 Qe5 23. Re3 Qxb2 24. Bd3 Qxa1+ 25. Ke2 Rxd3 26. Rxd3 Qb1 27. f3 Qxd3+ 28. Kf2 Qd2+ 29. Kg3 Nh5+ 30. Kg4 g6 31. g3 Bc8+ 0-1

[Event "Early-Titled-Tuesday-Blitz-February-27-2024"]
[Site "Chess.com"]
[Date "2024.02.27"]
[Round "8"]
[White "lagunanivaria"]
[Black "campochess"]
[Result "1-0"]
[WhiteElo "2435"]
[BlackElo "2197"]
[TimeControl "180+1"]
[EndTime "9:27:15 PST"]
[Termination "lagunanivaria won by resignation"]

1. Nf3 c5 2. e4 Nc6 3. Bb5 e5 4. O-O Bd6 5. c3 Nf6 6. Re1 O-O 7. d4 Qc7 8. h3 h6 9. Bf1 Re8 10. dxe5 Nxe5 11. Nxe5 Rxe5 12. Bf4 Re6 13. Bxd6 Rxd6 14. Qc2 Re6 15. Nd2 b6 16. Bc4 Re7 17. Re3 Bb7 18.
Rae1 d6 19. Nf3 a6 20. e5 Bxf3 21. exf6 Rxe3 22. Rxe3 d5 23. Rxf3 dxc4 24. fxg7 Re8 25. g3 Kxg7 26. Qf5 Re6 27. Qg4+ Rg6 28. Qxc4 Qd7 29.
Qf4 Qe6 30. Kh2 Qxa2 31. c4 f6 32. Qc7+ Kg8 33. Qd8+ Kg7 34. Qe7+ Kg8 35. Qe8+ Kg7 36. Rd3 h5 37. Rd7+ Kh6 38. h4 Rg4 39. Qh8+ Kg6 40. Qg8+ Kf5 41. Qd5+ Kg6 42. Qf7+ Kf5 43. Rd5+ Ke4 44.
Qe6+ Kf3 45. Rf5+ 1-0

[Event "Early-Titled-Tuesday-Blitz-February-27-2024"]
[Site "Chess.com"]
[Date "2024.02.27"]
[Round "8"]
[White "bescmelasti"]
[Black "LimeInTheCoconut"]
[Result "1-0"]
[WhiteElo "2642"]
[BlackElo "2498"]
[TimeControl "180+1"]
[EndTime "9:27:16 PST"]
[Termination "bescmelasti won on time"]

1. e4 e5 2. Nf3 Nc6 3. Bb5 g6 4. Nc3 Bg7 5. d3 Nge7 6. Bc4 Na5 7. a4 Nxc4 8. dxc4 d6 9. Be3 Be6 10. b3 h6 11. Qd2 f5 12. exf5 gxf5 13. g3 Ng6 14. Rg1 e4 15. Nd4 Bd7 16. f4 h5 17.
O-O-O a6 18. Kb1 b5 19. cxb5 axb5 20. Ndxb5 Bxb5 21. Nxb5 O-O 22. Bd4 Qb8 23. Bxg7 Kxg7 24. Qc3+ Kh6 25. Qxc7 Rc8 26. Qxb8 Raxb8 27. Rxd6 e3 28.
Re1 Re8 29. Nd4 1-0

[Event "Early-Titled-Tuesday-Blitz-February-27-2024"]
[Site "Chess.com"]
[Date "2024.02.27"]
[Round "8"]
[White "C_K_G"]
[Black "GMJustin"]
[Result "0-1"]
[WhiteElo "2168"]
[BlackElo "2342"]
[TimeControl "180+1"]
[EndTime "9:27:16 PST"]
[Termination "GMJustin won by resignation"]

1. e4 e5 2. Nf3 Nc6 3. Bc4 Bc5 4. c3 Nf6 5. d4 exd4 6. cxd4 Bb4+ 7. Nc3 Nxe4 8. O-O Bxc3 9. d5 Bf6 10. Re1 Ne7 11. Rxe4 d6 12. g4 h6 13. h4 Kf8 14.
g5 hxg5 15. hxg5 Be5 16. Nxe5 dxe5 17. Rxe5 Ng6 18. Re4 Qd6 19. f4 Bf5 20. Qf3 Bxe4 21. Qxe4 Re8 22. Qd4 Re1+ 23. Kf2 Rhh1 24. a4 Rxc1 25.
Rxc1 Rxc1 26. b3 Qxf4+ 27. Qxf4 Nxf4 28. Kf3 Ng6 29. Ke4 Rg1 30. b4 Rg4+ 31. Kd3 Ne5+ 0-1

[Event "Early-Titled-Tuesday-Blitz-February-27-2024"]
[Site "Chess.com"]
[Date "2024.02.27"]
[Round "8"]
[White "Grischuk"]
[Black "Elsa167"]
[Result "1-0"]
[WhiteElo "3056"]
[BlackElo "2896"]
[TimeControl "180+1"]
[EndTime "9:27:17 PST"]
[Termination "Grischuk won by resignation"]

1. d4 Nf6 2. c4 e6 3. Bg5 d5 4. e3 Bb4+ 5. Nc3 h6 6. Bh4 c5 7. dxc5 g5 8. Bg3 Qa5 9. Qc2 Ne4 10. Ne2 Nc6 11. a3 Nxc3 12. Nxc3 d4 13. exd4 Nxd4 14. Qd3 Nb3 15. axb4 Qxa1+ 16. Nd1 Bd7 17. Qxb3 Ba4 18. Qd3 Rd8 19. Bd6 Bxd1 20. Qxd1 Qxb2 21. Qa4+ Rd7 22.
Bd3 Qc1+ 23. Qd1 Qc3+ 24. Qd2 Qa1+ 25. Qd1 Qc3+ 26. Ke2 Qxb4 27. Qa1 Rg8 28. Rb1 1-0

[Event "Early-Titled-Tuesday-Blitz-February-27-2024"]
[Site "Chess.com"]
[Date "2024.02.27"]
[Round "8"]
[White "Zkid"]
[Black "PepeCuenca"]
[Result "1-0"]
[WhiteElo "2922"]
[BlackElo "2710"]
[TimeControl "180+1"]
[EndTime "9:27:17 PST"]
[Termination "Zkid won on time"]

1. e4 c5 2. Nf3 Nc6 3. Bb5 e5 4. O-O Bd6 5. d3 Nge7 6. a4 O-O 7.
Nbd2 Bc7 8. Re1 a6 9. Bc4 d5 10. exd5 Nxd5 11. Ne4 b6 12. Bg5 Qd7 13. c3 Kh8 14. d4 f5 15. Nxe5 Nxe5 16. dxe5 Bb7 17. Nd6 Bxd6 18. exd6 Nf6 19. Re7 Qc6 20. f3 Rad8 21. Rc7 Rxd6 22. Rxc6 Rxd1+ 23. Rxd1 Bxc6 24. Rd6 Bxa4 25. Rxb6 Bb5 26. Bxb5 axb5 27. Bxf6 gxf6 28. Rxb5 Rc8 29. Rb7 c4 30. f4 Rd8 31. Kf2 Rd2+ 32. Kf3 Kg8 33. h3 h5 34. Rb5 Kg7 35. Rxf5 Rxb2 36.
Rc5 Kg6 37. Rxc4 Rc2 38. g4 1-0

[Event "Early-Titled-Tuesday-Blitz-February-27-2024"]
[Site "Chess.com"]
[Date "2024.02.27"]
[Round "8"]
[White "Russian_berezka"]
[Black "krzyzan94"]
[Result "0-1"]
[WhiteElo "2592"]
[BlackElo "2799"]
[TimeControl "180+1"]
[EndTime "9:27:20 PST"]
[Termination "krzyzan94 won by resignation"]

1. d4 Nf6 2. c4 d6 3. Nf3 g6 4. Nc3 Bf5 5. Qb3 Qc8 6. h3 Bg7 7.
g4 Bd7 8. e4 O-O 9. Be3 c5 10.
d5 e6 11. Bg2 exd5 12. exd5 Re8 13. Kf1 h5 14. g5 Ne4 15. Nxe4 Rxe4 16. h4 Na6 17.
Nd2 Re8 18. Bf4 Bg4 19. Bxd6 Re2 20. Bf4 Qf5 21. Qg3 Rae8 22. f3 Rxd2 23. fxg4 hxg4 24. Kg1 Bd4+ 25. Kh2 Bf2 26. Raf1 Bxg3+ 27. Bxg3 Rxg2+ 28. Kxg2 Re2+ 29. Rf2 Rxf2+ 30. Bxf2 Qf3+ 31. Kg1 g3 32. Be1 g2 0-1

[Event "Early-Titled-Tuesday-Blitz-February-27-2024"]
[Site "Chess.com"]
[Date "2024.02.27"]
[Round "8"]
[White "ricaurtelopezj1955"]
[Black "EvgenyBurmakin"]
[Result "0-1"]
[WhiteElo "2171"]
[BlackElo "2342"]
[TimeControl "180+1"]
[EndTime "9:27:20 PST"]
[Termination "EvgenyBurmakin won on time"]

1. e4 c5 2. Nf3 d6 3. d4 cxd4 4. Nxd4 Nf6 5. Nc3 a6 6. f4 e6 7. Bd3 b5 8. O-O Bb7 9. a3 Qc7 10. Kh1 Be7 11. Qe2 Nbd7 12. Nf3 Nc5 13. Bd2 Nxd3 14.
cxd3 O-O 15. Rac1 Qd7 16. d4 Rac8 17. e5 Nd5 18. Ne4 Rxc1 19. Bxc1 Rc8 20. Qd3 Nb6 21.
Neg5 g6 22. h4 Qc6 23. h5 Qc4 24. Qd1 Qc2 25. Qe1 Qd3 26. hxg6 hxg6 27. Kh2 Rc2 28. Qh4 Bxg5 29. fxg5 Qxf1 0-1

[Event "Early-Titled-Tuesday-Blitz-February-27-2024"]
[Site "Chess.com"]
[Date "2024.02.27"]
[Round "8"]
[White "amelia91"]
[Black "only_strong_moves"]
[Result "1-0"]
[WhiteElo "2011"]
[BlackElo "2589"]
[TimeControl "180+1"]
[EndTime "9:27:22 PST"]
[Termination "amelia91 won by resignation"]

1. d4 Nf6 2. Bf4 e6 3. e3 d5 4. Nf3 c5 5. Ne5 a6 6. c3 Qb6 7. Qb3 Qa7 8. Nd2 b5 9. a4 c4 10.
Qc2 Qb7 11. b3 Be7 12. Be2 O-O 13. O-O Nc6 14. axb5 axb5 15. bxc4 bxc4 16. Rfb1 Rxa1 17. Rxa1 Nxe5 18. Bxe5 Nd7 19. Bg3 Nb6 20. e4 Bd7 21. exd5 exd5 22. Bf3 Ra8 23. Rxa8+ Qxa8 24. h3 Be6 25.
Qb2 Qa5 26. Bc7 g5 27. Bxb6 Qa4 28. Bc5 Bf6 29. Bh5 Qe8 30. Bd6 Bf5 31. Qb8 Qxb8 32.
Bxb8 Kf8 33. Kf1 Ke7 34. Ke2 Ke6 35. Bg4 h6 36. Bxf5+ Kxf5 37. Nf1 Ke6 38. Ne3 Bd8 39. g4 Ba5 40. Kd2 Bd8 41. Nf5 h5 42. Ng7+ Kf6 43.
Nxh5+ Kg6 44. Ng3 Ba5 45. Nf5 Bd8 46. Bd6 Bf6 47. Ne7+ Kh6 48. Nxd5 1-0

[Event "Early-Titled-Tuesday-Blitz-February-27-2024"]
[Site "Chess.com"]
[Date "2024.02.27"]
[Round "8"]
[White "RantomOpening"]
[Black "Kev4444444444"]
[Result "0-1"]
[WhiteElo "2580"]
[BlackElo "2369"]
[TimeControl "180+1"]
[EndTime "9:27:23 PST"]
[Termination "Kev4444444444 won by resignation"]

1. c4 c6 2. Nf3 d5 3. e3 Nf6 4. Nc3 Bf5 5. Qb3 Qb6 6. cxd5 Qxb3 7. axb3 cxd5 8. Nb5 Na6 9. Rxa6 bxa6 10. Nc7+ Kd7 11. Nxa8 e6 12. Bxa6 Bd6 13. Nd4 Rxa8 14. Bb5+ Ke7 15.
Nxf5+ exf5 16. Bd3 g6 17. Ke2 Rb8 18. Bc2 Rc8 19.
Bd3 Rb8 20. Bc2 Rc8 21. Bd1 Rxc1 22. d3 Bb4 23. f3 Nd7 24. h4 Nc5 25. h5 a5 26.
hxg6 hxg6 27. Rh8 Rb1 28. Ra8 Rxb2+ 29. Kf1 Rb1 30. Ke2 Rb2+ 31. Kf1 Nxd3 32. Ra7+ Kf6 33. Ra6+ Kg7 34. Ra7 Rb1 35. Ke2 Nc1+ 36. Kf2 Nd3+ 37.
Ke2 Rb2+ 38. Kf1 Rf2+ 39. Kg1 Rd2 40. Kh2 Rxd1 41. Rd7 Ne5 42. Rd8 Be7 43. Re8 Bd6 44.
f4 Ng4+ 45. Kg3 Re1 46. Kh4 Rxe3 47. b4 Rxe8 48. Kg3 Re3+ 49. Kh4 Bxf4 50. g3 Bg5+ 51. Kxg5 f6+ 52. Kh4 Re2 0-1